 Dungeon Crawl Stone Soup version 0.31.0-11-ge490571c62 (webtiles) character file.

Game seed: 2570423399857272361

9 browni3141 the Conjurer (level 2, 18/19 HPs)
             Began as a Demonspawn Conjurer on Jan 30, 2024.
             Got out of the dungeon alive.
             The game lasted 00:00:13 (249 turns).

browni3141 the Conjurer (Demonspawn Conjurer)        Turns: 249, Time: 00:00:13

Health: 18/19      AC:  4    Str:  7    XL:     2   Next: 3%
Magic:  1/5        EV: 12    Int: 18    God:
Gold:   17         SH:  0    Dex: 11    Spells: 4/5 levels left

rFire   . . .        (no weapon)
rCold   . . .        (no shield)
rNeg    . . .        a - +0 robe
rPois   .            (no helmet)
rElec   .            (no cloak)
rCorr   .            (no gloves)
SInv    .            (no boots)
Will    .....        (no amulet)
Stlth   ++           (no ring)
HPRegen 0.23/turn    (no ring)
MPRegen 0.09/turn

%: no passive effects
@: no status effects
A: thin metallic scales 1
a: no special abilities


You escaped.
You visited 1 branch of the dungeon, and saw 1 of its levels.

You collected 17 gold pieces.

Inventory:

Armour
 a - a +0 robe (worn)
Jewellery
 c - a ring of fire
Scrolls
 d - a scroll of vulnerability {unknown}
Potions
 b - a potion of magic


   Skills:
 + Level 2.0 Dodging
 + Level 2.0 Stealth
 + Level 2.1 Spellcasting
 + Level 4.1 Conjurations


You had 4 spell levels left.
You knew the following spells:

 Your Spells              Type           Power      Damage    Failure   Level
a - Magic Dart            Conj           64%        1d6       3%          1

Your spell library contained the following spells:

 Spells                   Type           Power      Damage    Failure   Level
 Searing Ray              Conj           32%        2d5       4%          2
 Cigotuvi's Dreadful Rot  Necr/Alch/Air  2%         N/A       26%         2
 Fulminant Prism          Conj/Alch      4%         3d5       58%         4
 Iskenderun's Mystic Bla  Conj/Tloc      9%         2d4       58%         4
 Dispel Undead            Necr           1%         3d6       87%         4
 Martyr's Knell           Necr/Summ      1%         N/A       87%         4
 Death Channel            Necr           0%         N/A       100%        6


Dungeon Overview and Level Annotations

Branches:
Dungeon (1/15)

Altars:

Shops:
D:1 :


Innate Abilities, Weirdness & Mutations

You are partially covered in thin metallic scales. (AC +2)


Message History

The tentacle slaps the vampire.
The tentacle misses the vampire.
The kraken closely misses the demonspawn.
The demonspawn hits the tentacle!
The demonspawn claws the tentacle!
The demonspawn closely misses the tentacle.
The vampire hits the tentacle but does no damage.
The vampire closely misses the tentacle.
The tentacle slaps something.
The tentacle slaps the mummy!!
The mummy is destroyed!
The tentacle slaps the demonspawn.
The kraken bites the demonspawn!!!
The demonspawn dies!
The tentacle completely misses something.
The kraken bites the minotaur!!
The tentacle slaps the minotaur.
The tentacle slaps the minotaur but does no damage.
The minotaur hits the tentacle!
The minotaur closely misses the tentacle.
The kraken bites the minotaur!!!
The minotaur dies!
d - a scroll labelled NAFOBA SIWOIMP You can't see any susceptible monsters within range! (Use Z to cast anyway.)
You can't see any susceptible monsters within range! (Use Z to cast anyway.)
You can't see any susceptible monsters within range! (Use Z to cast anyway.)
A quokka comes into view.
A quokka is nearby!
A quokka is nearby!
The magic dart hits the quokka.
You kill the quokka!
You can't see any susceptible monsters within range! (Use Z to cast anyway.)
You can't see any susceptible monsters within range! (Use Z to cast anyway.) Magic restored.
An endoplasm comes into view.
An endoplasm is nearby!
An endoplasm is nearby!
The magic dart hits the endoplasm.
The endoplasm is lightly wounded.
The magic dart hits the endoplasm.
You kill the endoplasm!
You can't see any susceptible monsters within range! (Use Z to cast anyway.)
You can't see any susceptible monsters within range! (Use Z to cast anyway.)
You pick up a book of Decay and begin reading...
You add the spells Cigotuvi's Dreadful Rot, Dispel Undead, Martyr's Knell and Death Channel to your library.
You open the door.
There is an open door here.
Found Leuqe Zull's Book Shoppe.
A bat comes into view.
The magic dart hits the bat.
You kill the bat!
You can't see any susceptible monsters within range! (Use Z to cast anyway.)
You now have 4 gold pieces.
There is an entrance to Leuqe Zull's Book Shoppe here.
A kobold comes into view. It is wielding a +0 dagger.
A kobold is nearby!
A kobold is nearby!
The magic dart hits the kobold.
The kobold is moderately wounded.
The magic dart hits the kobold.
The kobold is heavily wounded.
The magic dart hits the kobold but does no damage.
The kobold is heavily wounded.
A kobold is nearby!
You hit the kobold.
You kill the kobold!
Found a stone staircase leading down.
Things that are here:
a +0 dagger; 5 stones; a kobold corpse You now have 17 gold pieces (gained 13).
A quokka and a frilled lizard come into view.
There are monsters nearby!
The magic dart hits the frilled lizard.
You kill the frilled lizard!
The magic dart hits the quokka.
The quokka is severely wounded.
The magic dart hits the quokka.
You kill the quokka!
Your Dodging skill increases to level 2!
Your Stealth skill increases to level 2!
Unknown command.
You see here a quokka corpse.
You open the door.
A quokka comes into view.
A quokka is nearby!
A quokka is nearby!
The magic dart hits the quokka.
The quokka is moderately wounded.
The magic dart hits the quokka.
The quokka is heavily wounded.
The quokka barely misses you.
The magic dart hits the quokka.
The quokka is almost dead.
The quokka bites you but does no damage.
You are out of magic!
You closely miss the quokka.
The quokka is almost dead.
The quokka bites you.
You hit the quokka.
You kill the quokka!
You have reached level 2!
Your demonic ancestry asserts itself...
Thin metallic scales grow over part of your body.
There is a staircase leading out of the dungeon here.
You have escaped!

#.# #..†..... #.#
#.##....#
#.########....(...
##.#..........#####
#...........#.#
#...#######...#
#...#....÷#...#
#...#)≈≈≈.#...#
#.@.#.≈≈X.#...#
#...#.≈≈≈.#...#
#...#.÷)..#...#####
#...#######........
###...........#####
##.........##
######...## #####


You could see a neutral kraken (wandering).

Vanquished Creatures
  A bat (D:1)
  An endoplasm (D:1)
  A kobold (D:1)
  3 quokkas (D:1)
  A frilled lizard (D:1)
7 creatures vanquished.

Vanquished Creatures (others)
  A minotaur (D:1)
  A demonspawn (D:1)
  2 draconians (D:1)
  An octopode (D:1)
  A vine stalker (D:1)
  2 vampires (D:1)
  A demigod (D:1)
  An oni (D:1)
  A mummy (D:1)
  An orc (D:1)
  6 tentacles (D:1)
18 creatures vanquished.

Grand Total: 25 creatures vanquished

Notes
Turn   | Place    | Note
-------+----------+-------------------------------------------
     0 | D:1      | browni3141 the Demonspawn Conjurer began the quest for the
                  | Orb.
     0 | D:1      | Reached XP level 1. HP: 13/13 MP: 3/3
     0 | D:1      | Noticed a draconian
     0 | D:1      | Noticed a vine stalker
     0 | D:1      | Noticed a demigod
     0 | D:1      | Noticed a vampire
     0 | D:1      | Noticed a kraken
     0 | D:1      | Noticed a vampire
     0 | D:1      | Noticed a minotaur
     0 | D:1      | Noticed a draconian
     0 | D:1      | Noticed an oni
     0 | D:1      | Noticed an octopode
     0 | D:1      | Noticed a demonspawn
     3 | D:1      | Killed a demigod
     6 | D:1      | Killed an octopode
     8 | D:1      | Killed a vampire
     9 | D:1      | Killed a vine stalker
    11 | D:1      | Killed a draconian
    11 | D:1      | Killed a draconian
    14 | D:1      | Killed a vampire
    14 | D:1      | Killed a demonspawn
    15 | D:1      | Killed a minotaur
    16 | D:1      | Killed an oni
    94 | D:1      | Found Leuqe Zull's Book Shoppe.
   235 | D:1      | Gained mutation: You are partially covered in thin metallic
                  | scales. (AC +2) [demonic ancestry]
   235 | D:1      | Reached XP level 2. HP: 15/19 MP: 0/5
   249 | D:$      | Got out of the dungeon alive.

Illustrated notes

Levels and vault maps discovered:
D:1:      nicolae_arrival_kraken_aquarium_a, layout_basic,
          hellmonk_ecumenical_altar_inner_sanctum, serial_shops, shop

Skill      XL: |  1 |
---------------+----+-----
Dodging        | 2 |  2.0
Stealth        | 2 |  2.0
Spellcasting   | |  2.1
Conjurations   | |  4.1

Action                     || total
---------------------------++-------
  Melee: Unarmed           ||     3
   Cast: Magic Dart        ||    13
 Armour: Robe              ||     2
  Dodge: Dodged            ||     1
